AoeStats
← Schantiiniiii

African Clearing

506903089Analyzed
3v3 RM · 15d ago on Sep 15, 2026· 64m 16s· 6 players
Game mode
Random Map
Map size
Normal (6 player)
Population
200
Speed
Normal
Resources
Standard
Victory
Conquest
Starting age
Dark Age
Ending age
Imperial Age
RankedLock teamsTeams togetherTeam positionsShared explorationLock speedFull tech treeHidden civsTurbo modeCheats
Victory
Defeat
🇩🇪 Khmer · Germany
1702
+9
🇨🇭 Turks · Switzerland
1679
+10
🇫🇷 Italians · France
1585
+14
🇩🇪 Lithuanians · Germany
1575
-12
🇩🇪 Japanese · Germany
1568
-12
🇩🇪 Vikings · Germany
1481
-9
Lacrima
5:24 Loom
5:49 Loom
12:06 Feudal Age
12:39 Feudal Age
16:56 Castle Age
17:02 Horse Collar
23:11 Double-Bit Axe
24:52 Scale Barding Armor
25:52 Bloodlines
26:54 Forging
31:34 Wheelbarrow
32:54 Bow Saw
37:59 Imperial Age
36:17 Gold Mining
37:27 Chain Barding Armor
37:26 Husbandry
37:25 Light Cavalry
37:59 Cavalier
39:23 Plate Barding Armor
40:15 Iron Casting
44:24 Paladin
52:22 Heavy Plow
54:55 Elite Skirmisher
55:27 Fletching
56:00 Padded Archer Armor
55:52 Winged Hussar
58:32 Bodkin Arrow
60:27 Ballistics
60:10 Bracer
61:52 Leather Archer Armor
63:03 Ring Archer Armor
63:36 Chemistry
Captain Falcon
9:48 Loom
10:39 Loom
12:40 Feudal Age
16:31 Castle Age
14:27 Double-Bit Axe
15:09 Fletching
17:14 Bodkin Arrow
27:59 Ballistics
29:23 Padded Archer Armor
29:58 Husbandry
32:43 Horse Collar
36:23 Thumb Ring
40:45 Imperial Age
39:39 Gold Mining
39:39 Stone Mining
40:56 Wheelbarrow
40:39 Leather Archer Armor
42:02 Parthian Tactics
41:40 Bracer
43:48 Hand Cart
43:19 Town Watch
45:57 Chemistry
46:22 Ring Archer Armor
45:17 Heavy Cavalry Archer
47:24 Conscription
48:51 Town Patrol
49:34 Coinage
51:44 Heavy Plow
52:17 Banking
51:48 Scale Mail Armor
51:59 Forging
55:52 Gold Shaft Mining
57:23 Bloodlines
58:30 Kataparuto
58:14 Yasama
60:29 Masonry
60:12 Guard Tower
60:34 Masonry
61:46 Hoardings
62:56 Keep
62:18 Murder Holes
Jay_Muehle
13:21 Feudal Age
11:39 Loom
13:32 Feudal Age
15:43 Double-Bit Axe
20:16 Castle Age
22:35 Bow Saw
25:12 Horse Collar
31:22 Town Watch
31:53 Heavy Plow
36:00 Pikeman
36:40 Squires
36:45 Scale Mail Armor
36:56 Forging
37:49 Chain Mail Armor
40:55 Imperial Age
39:18 Iron Casting
39:20 Fletching
40:53 Bodkin Arrow
40:58 Padded Archer Armor
40:54 Elite Skirmisher
43:01 Chemistry
42:07 Bracer
43:04 Plate Mail Armor
43:35 Blast Furnace
43:19 Leather Archer Armor
43:56 Ballistics
45:40 Chieftains
46:24 Conscription
49:41 Elite Berserk
50:53 Crossbowman
52:53 Capped Ram
54:01 Siege Ram
{ BP } Käpt`n Iglo
8:12 Loom
11:03 Feudal Age
11:54 Double-Bit Axe
14:09 Fletching
16:12 Wheelbarrow
16:37 Padded Archer Armor
21:34 Castle Age
19:51 Horse Collar
20:23 Gold Mining
20:50 Scale Barding Armor
22:38 Bow Saw
27:12 Bloodlines
29:05 Heavy Plow
33:39 Imperial Age
31:40 Scale Barding Armor
32:08 Bloodlines
33:08 Chain Barding Armor
32:50 Husbandry
33:49 Cavalier
35:29 Plate Barding Armor
35:19 Light Cavalry
35:55 Town Watch
36:10 Stone Mining
37:19 Forging
38:59 Iron Casting
38:28 Hussar
42:16 Stone Shaft Mining
42:50 Pikeman
44:18 Halberdier
44:19 Man-at-Arms
46:58 Hand Cart
48:36 Gold Shaft Mining
48:27 Sanctity
49:18 Conscription
50:46 Blast Furnace
Schantiiniiii
7:32 Loom
11:34 Feudal Age
15:18 Double-Bit Axe
23:31 Castle Age
22:38 Bloodlines
25:10 Scale Barding Armor
28:22 Bow Saw
33:08 Horse Collar
33:41 Forging
40:47 Wheelbarrow
40:10 Gold Mining
46:02 Gold Shaft Mining
46:46 Hand Cart
46:17 Town Watch
46:30 Stone Mining
48:39 Fortified Wall
48:42 Thumb Ring
48:58 Masonry
51:29 Imperial Age
49:13 Fletching
49:27 Padded Archer Armor
50:27 Sipahi
50:30 Ballistics
50:27 Leather Archer Armor
50:08 Bodkin Arrow
50:59 Treadmill Crane
51:33 Heavy Cavalry Archer
52:13 Bracer
52:45 Ring Archer Armor
52:43 Parthian Tactics
52:38 Conscription
52:51 Bombard Tower
54:02 Architecture
54:07 Arrowslits
54:47 Husbandry
55:03 Artillery
57:08 Two-Man Saw
57:10 Scale Mail Armor
58:15 Coinage
62:49 Chain Barding Armor
63:04 Iron Casting
twitch.tv/gliedi69
3:44 Loom
12:14 Feudal Age
15:50 Castle Age
13:44 Double-Bit Axe
15:44 Horse Collar
18:24 Fletching
24:55 Bodkin Arrow
28:21 Padded Archer Armor
32:30 Ballistics
32:41 Bow Saw
38:22 Wheelbarrow
37:56 Town Watch
39:17 Leather Archer Armor
40:01 Hand Cart
44:15 Imperial Age
42:14 Bloodlines
42:59 Husbandry
42:19 Light Cavalry
43:30 Scale Barding Armor
43:36 Forging
44:37 Chain Barding Armor
45:06 Bracer
46:09 Chemistry
45:36 Conscription
46:02 Ring Archer Armor
45:52 Elite Genoese Crossbowman
47:51 Plate Barding Armor
49:47 Gold Mining
49:47 Stone Mining
49:51 Hussar
51:08 Iron Casting
55:01 Blast Furnace
60:50 Two-Man Saw
62:48 Coinage
63:29 Heavy Plow
Connection lost

Rejoining the realm…

Still unreachable

The connection could not be restored.

Session expired

The server has moved on; the page needs a fresh start.